 Dungeon Crawl Stone Soup version 0.24-a0-342-gad4687c37d (webtiles) character file.

Game seed: 17604367783125990271

2313 galech the Chopper (level 9, -3/68 HPs)
             Began as a Demonspawn Fighter on May 21, 2019.
             Slain by an orc knight
             ... wielding a +0 bardiche
              (36 damage)
             ... in a bailey.
             The game lasted 00:10:47 (7533 turns).

galech the Chopper (Demonspawn Fighter)             Turns: 7533, Time: 00:10:48

Health: -3/68      AC: 17    Str: 21    XL:     9   Next: 18%
Magic:  0/9        EV:  6    Int: 11    God:
Gold:   375        SH: 10    Dex: 18    Spells: 8/8 levels left

rFire    . . .     SeeInvis .   a - +0 war axe
rCold    . . .     Gourm    .   c - +0 shield
rNeg     . . .     Faith    .   z - +0 plate armour
rPois    .         Spirit   +   v - +0 helmet
rElec    .         Reflect  .   l - +0 cloak
rCorr    .         Harm     .   (no gloves)
MR       .....                  (no boots)
Stlth    ..........             (no amulet)
HPRegen  0.21/turn              n - +3 ring of dexterity
MPRegen  0.22/turn              (no ring)

@: mighty
A: hooves 1, iridescent scales 1, powered by pain 1, magic shield, magic
regeneration
a: no special abilities


You were in a bailey.
You were not hungry.

You visited 2 branches of the dungeon, and saw 8 of its levels.
You also visited: Sewer and Bailey.

You collected 375 gold pieces.

Inventory:

Hand Weapons
 a - a +0 war axe (weapon)
Armour
 b - a +0 scale mail
 c - a +0 shield (worn)
 l - a +0 cloak (worn)
 v - a +0 helmet (worn)
 z - a +0 plate armour (worn)
Jewellery
 n - a +3 ring of dexterity (left hand)
Wands
 j - a wand of flame (21)
 r - a wand of enslavement (3)
 s - a wand of disintegration (12)
 u - a wand of iceblast (10)
Scrolls
 e - 9 scrolls of remove curse
 g - a scroll of random uselessness
 h - 5 scrolls of identify
 i - a scroll of fog
 k - 7 scrolls of teleportation
 m - 2 scrolls of fear
 w - a scroll of amnesia
 y - a scroll of immolation
Potions
 d - a potion of heal wounds {unknown}
 o - 3 potions of flight
 p - 2 potions of haste {unknown}
 q - a potion of might
 t - 2 potions of brilliance {unknown}
 x - a potion of mutation {unknown}
 B - a potion of ambrosia {unknown}
 C - a potion of experience {unknown}
Comestibles
 f - 15 rations
 A - 10 chunks of flesh


   Skills:
 + Level 5.4 Fighting
 + Level 7.6 Axes
 + Level 5.7 Armour
 + Level 2.8 Dodging
 + Level 0.2 Stealth
 + Level 5.0 Shields


You had 8 spell levels left.
You didn't know any spells.
Your spell library was empty.

Dungeon Overview and Level Annotations

Branches:
Dungeon (7/15)             Temple (1/1) D:4

Altars:
Ashenzari
Cheibriados
Dithmenos
Fedhas
Gozag
Hepliaklqana
Makhleb
Nemelex Xobeh
Qazlal
Ru
Sif Muna
Trog
Uskayaw
Vehumet
Wu Jian
Xom
Yredelemnul
Zin
The Shining One


Innate Abilities, Weirdness & Mutations

You have large cloven feet.
You are partially covered in iridescent scales. (AC +2)
You sometimes gain a little power by taking damage.
When hurt, damage is shared between your health and your magic reserves.
You regenerate magic rapidly.


Message History

The orc knight roars a battlecry!
The orc knight goes into a battle-frenzy!
An orc knight comes into view. It is wielding a +4 trident.
You block the orc knight's attack.
The orc knight shouts!
The orc knight hits you with a cursed +0 halberd!!
You focus on the pain.
You feel mightier all of a sudden.
An orc comes into view. It is wielding a +0 hand axe.
The orc knight hits you with a +0 bardiche!
There is an open gate, spattered with blood here.
You closely miss the orc knight.
You hit the orc knight but do no damage.
You block the orc knight's attack.
You hit the orc knight. Your kick misses the orc knight.
The orc knight is lightly wounded.
You hit the orc knight but do no damage.
The orc knight hits you with a +0 bardiche!!!
Ouch! That really hurt!
You die...

###)###
##..)).##
#.......#
#.......#
#.......#
#.......#
#.......#
##.....##
##''@##
#..oo.#
#...).#
#.....#
#.!!o.#
#..o..#
##'''##
.....
.......


You could see 3 orc knights and an orc.

Vanquished Creatures
  Sigmund (D:6)
  Eustachio (D:5)
  Menkaure (D:5)
  3 orc warriors
  2 ogres
  2 centaurs
  2 bullfrogs
  2 scorpions
  4 wights (D:6)
  A crimson imp (D:6)
  A quasit (D:6)
  3 orc priests
  2 hounds (D:4)
  A jelly (D:5)
  4 orc wizards
  2 merfolk sirens (Sewer)
  5 worker ants
  A merfolk avatar (Sewer)
  3 gnolls (D:6)
  A howler monkey skeleton (D:6)
  3 river rats
  7 adders
  A shadow imp (D:6)
  An adder zombie (D:5)
  3 adder skeletons
  2 worms
  3 dart slugs
  5 leopard geckos
  55 orcs
  11 ball pythons
  4 bats
  4 giant cockroaches
  9 goblins
  16 hobgoblins
  3 jackals (D:5)
  A ball python skeleton (D:4)
  6 frilled lizards
  A jackal skeleton (D:5)
  A jackal zombie (D:6)
  18 kobolds
  A quokka skeleton (D:4)
  27 rats
224 creatures vanquished.

Notes
Turn   | Place    | Note
-------+----------+-------------------------------------------
     0 | D:1      | galech the Demonspawn Fighter began the quest for the Orb.
     0 | D:1      | Reached XP level 1. HP: 18/18 MP: 1/1
   334 | D:1      | Gained mutation: When hurt, damage is shared between your
                  | health and your magic reserves. [demonic ancestry]
   334 | D:1      | Reached XP level 2. HP: 24/24 MP: 2/2
   519 | D:2      | Found a hazy altar of Hepliaklqana.
   519 | D:2      | Found a bloodstained altar of Trog.
   521 | D:2      | Found a shadowy altar of Dithmenos.
   630 | D:2      | Found a faded altar of an unknown god.
   643 | D:2      | Reached skill level 2 in Axes
   763 | D:2      | Reached XP level 3. HP: 27/29 MP: 3/3
  1215 | D:3      | Gained mutation: You have large cloven feet. [demonic
                  | ancestry]
  1215 | D:3      | Reached XP level 4. HP: 16/35 MP: 2/4
  1880 | D:4      | Noticed an ogre
  1887 | D:4      | Killed an ogre
  1887 | D:4      | Reached skill level 3 in Axes
  1887 | D:4      | Gained mutation: You regenerate magic rapidly. [demonic
                  | ancestry]
  1887 | D:4      | Reached XP level 5. HP: 15/42 MP: 2/5
  1889 | D:4      | Reached skill level 1 in Dodging
  2221 | D:3      | Reached XP level 6. HP: 19/48 MP: 4/6
  2467 | D:4      | Found a staircase to the Ecumenical Temple.
  2477 | Temple   | Entered the Ecumenical Temple
  3558 | D:5      | Entered Level 5 of the Dungeon
  3678 | D:5      | Reached skill level 4 in Axes
  3725 | D:5      | Gained mutation: You are partially covered in iridescent
                  | scales. (AC +2) [demonic ancestry]
  3725 | D:5      | Reached XP level 7. HP: 30/54 MP: 7/7
  3748 | D:5      | Noticed Menkaure
  3752 | D:5      | Killed Menkaure
  3861 | D:5      | Found a glowing drain.
  3873 | Sewer    | Entered a sewer
  4476 | D:5      | Reached skill level 5 in Axes
  4930 | D:6      | Reached skill level 5 in Armour
  4930 | D:6      | Gained mutation: You sometimes gain a little power by
                  | taking damage. [demonic ancestry]
  4930 | D:6      | Reached XP level 8. HP: 20/61 MP: 2/8
  5249 | D:6      | Reached skill level 6 in Axes
  5515 | D:6      | Noticed Sigmund
  5527 | D:6      | Killed Sigmund
  5669 | D:6      | Noticed Eustachio
  5780 | D:5      | Killed Eustachio
  6291 | D:6      | Reached skill level 5 in Fighting
  6291 | D:6      | Reached skill level 7 in Axes
  6866 | D:7      | Reached XP level 9. HP: 43/68 MP: 9/9
  6934 | D:7      | Found a flagged portal.
  7003 | Bailey   | Entered a bailey
  7314 | Bailey   | Reached skill level 5 in Shields
  7522 | Bailey   | Noticed an orc knight
  7524 | Bailey   | Noticed an orc knight
  7530 | Bailey   | Noticed an orc knight
  7533 | Bailey   | Slain by an orc knight

Levels and vault maps discovered:
D:1:      dpeg_arrival_tiny_d, layout_loops_cross, minmay_pentomino_p2
D:2:      layout_basic, chequers_temple_overflow_statue_of_worship,
          chequers_ecumenical_altar_simple_redux, first_ration
D:3:      layout_loops_ring, hangedman_abyss_or_decor_stabs,
          supply_closet_lemuel, minmay_misc_feat_plants
D:4:      layout_basic, lemuel_temple_firewalk_b, nrook_uturn
D:5:      layout_loops_ring, cheibrodos_sewer_entry_sluice, uniq_menkaure
D:6:      corexii_shantytown, layout_loops_ring, uniq_eustachio, uniq_sigmund
D:7:      layout_rooms, lemuel_doored_altar, enter_bailey_1,
          serial_bayou_pond_a, fedhas_bush_and_centaur_altar
Temple:   eino_temple_scatter_basement
Bailey:   bailey_polearm_5, bailey

Skill      XL: |  1  2  3  4  5  6  7  8  9 |
---------------+----------------------------+-----
Armour         | 3 4 5 |  5.7
Axes           | 2 3 4 5 7 |  7.6
Shields        | 3 4 5 |  5.0
Dodging        | 1 2 |  2.8
Fighting       | 4 5 |  5.4
Stealth        | |  0.2

Action                   |  1- 3 |  4- 6 |  7- 9 || total
-------------------------+-------+-------+-------++-------
Melee: War axe           |   113 |   145 |   381 ||   639
       Kick              |       |    35 |   104 ||   139
  Use: Potion            |     1 |     1 |     4 ||     6
       Scroll            |       |     5 |     2 ||     7
  Eat: Chunk             |     1 |     6 |     9 ||    16
       Ration            |       |     1 |     1 ||     2
Armor: Scale mail        |    51 |    64 |   165 ||   280
       Plate armour      |       |       |    16 ||    16
Dodge: Dodged            |    25 |    45 |   163 ||   233
Block: Shield            |    60 |    87 |   277 ||   424

Table legend:
 A = Non-vault XP
 B = Vault XP
 C = Vault XP percentage of total XP
 D = Non-vault monster count
 E = Vault monster count
 F = Vault count percentage of total count
                 A         B        C        D         E       F
            +---------+---------+-------+---------+---------+-------
      Total |    2094 |    1211 |  36.6 |     105 |     119 |  53.1
            +---------+---------+-------+---------+---------+-------
        D:1 |      10 |       2 |  16.7 |       8 |       2 |  20.0
        D:2 |      35 |       0 |   0.0 |      12 |       0 |   0.0
        D:3 |     155 |       0 |   0.0 |      19 |       0 |   0.0
        D:4 |     374 |       0 |   0.0 |      19 |       0 |   0.0
        D:5 |     342 |     389 |  53.2 |      15 |       6 |  28.6
        D:6 |     784 |     339 |  30.2 |      22 |      43 |  66.2
        D:7 |     394 |     110 |  21.8 |      10 |       1 |   9.1
      Sewer |       0 |     172 | 100.0 |       0 |      41 | 100.0
     Bailey |       0 |     199 | 100.0 |       0 |      26 | 100.0
            +---------+---------+-------+---------+---------+-------
